[Event "Team 45 45 League T48"]
[Site "Internet Chess Club"]
[Date "2011.03.13"]
[Round "5"]
[White "cityprosecutor"]
[Black "AreYouSerious"]
[Result "0-1"]
[WhiteElo "1691"]
[BlackElo "2031"]
[Opening "Alekhine's defense: exchange variation"]
[ECO "B03"]
[Time "22:01:07"]
[TimeControl "2700+45"]

1. e4 Nf6 2. e5 Nd5 3. d4 d6 4. c4 Nb6 5. exd6 exd6 6. Bd3 Nc6 7. Ne2 Be7 8.
Nbc3 O-O 9. O-O a6 10. h3 Re8 11. b3 Bd7 12. Bb2 Bf6 13. Ne4 Be7 14. d5 Ne5 15.
Bb1 Bf8 16. Qc2 f5 17. N4g3 Qh4 18. Nxf5 Bxf5 19. Qxf5 Nexc4 20. g3 Qh6 21. Bc1
g6 22. Bxh6 gxf5 23. Bxf8 Kxf8 24. bxc4 Rxe2 25. Bxf5 Rae8 26. Bxh7 Rd2 27. Rfd1
Ree2 28. Rxd2 Rxd2 29. h4 Nxc4 30. h5 Rxd5 31. Bg6 c5 32. Re1 Ne5 33. Be4 Rd2
34. f4 Ng4 35. Bxb7 Rxa2 36. Bc8 Ra3 37. Kg2 Ne3+ 38. Kh3 a5 39. h6 Kg8 40. Kh4
Ng2+ 41. Kh5 Nxe1 42. Kg6 Rxg3+ 43. Kf6 Nd3 44. f5 a4 45. Ke7 a3 46. f6 Ne5 47.
Be6+ Kh7 48. Kxd6 c4 49. Kxe5 a2 50. f7 a1=Q+ 51. Kf4 Qa3 52. Bxc4 Kxh6 53.
f8=Q+ Qxf8+ 54. Kxg3 Kg5 55. Be2 Qf4+ 56. Kg2 Kh4 57. Ba6 Qd2+ 58. Kf1 Kg3 59.
Be2 Qc1+ {White resigns} 0-1

[Event "Team 45 45 League T48"]
[Site "Internet Chess Club"]
[Date "2011.03.14"]
[Round "5"]
[White "NFork"]
[Black "pestka"]
[Result "0-1"]
[WhiteElo "2237"]
[BlackElo "2357"]
[Opening "Queen's pawn game, Darooha variation "]
[ECO "D02"]
[Time "16:14:55"]
[TimeControl "2700+45"]

1. d4 d5 2. Nf3 Nf6 3. c3 Bf5 4. Bf4 e6 5. e3 Be7 6. Nbd2 Nbd7 7. h3 h6 8. Be2
O-O 9. O-O a6 10. Ne5 Nxe5 11. Bxe5 c5 12. a3 c4 13. b4 b5 14. Re1 a5 15. Bf3
Nd7 16. Bh2 Bd3 17. e4 Nb6 18. exd5 Nxd5 19. Bxd5 Qxd5 20. Qf3 Qxf3 21. Nxf3 Ra7
22. Ne5 Rc8 23. Bg3 f6 24. Ng4 Kf7 25. f3 Rca8 26. Rac1 axb4 27. axb4 Ra2 28.
Nf2 R8a3 29. Re3 Rc2 30. Rce1 Bf5 31. d5 e5 32. Bxe5 fxe5 33. Rxe5 Bh4 34. Rxf5+
Kg6 35. Re6+ Kxf5 36. Ng4 Kf4 37. Re4+ Kg3 38. Ne3 Ra1+ 39. Nf1+ Rxf1+ 40. Kxf1
Rf2+ 41. Ke1 Rxg2 42. Kf1 Rf2+ 43. Kg1 Rd2 {White resigns} 0-1

[Event "Team 45 45 League T48"]
[Site "Internet Chess Club"]
[Date "2011.03.12"]
[Round "5"]
[White "Jack-ONeill"]
[Black "QueensCounselor"]
[Result "0-1"]
[WhiteElo "2022"]
[BlackElo "2157"]
[Opening "King's Indian: London system"]
[ECO "A48"]
[Time "15:00:57"]
[TimeControl "2700+45"]

1. d4 Nf6 2. Nf3 g6 3. Bf4 Bg7 4. e3 O-O 5. Be2 c5 6. Nbd2 d6 7. h3 Nc6 8. Bh2
cxd4 9. exd4 Be6 10. O-O Rc8 11. Re1 Qb6 12. Nc4 Bxc4 13. Bxc4 Qxb2 14. Bb3 Qc3
15. Rb1 d5 16. Ba4 e6 17. Rxb7 Ne4 18. Bxc6 Rxc6 19. Rxa7 Qxc2 20. Qxc2 Rxc2 21.
Rf1 Rfc8 22. Bf4 Nc3 23. Be3 Rxa2 24. Ra1 Rxa1+ 25. Rxa1 h6 26. g3 Nb5 27. Ra5
Nd6 28. Bf4 Nc4 29. Ra2 g5 30. Be3 Nd6 31. Kg2 Kh7 32. Ra6 Nc4 33. Ra2 Kg6 34.
g4 Bf6 35. Kg3 h5 36. h4 hxg4 37. Kxg4 gxh4 {White resigns} 0-1

[Event "Team 45 45 League T48"]
[Site "Internet Chess Club"]
[Date "2011.03.22"]
[Round "5"]
[White "Deckfuel"]
[Black "baumhauer"]
[Result "1-0"]
[WhiteElo "1880"]
[BlackElo "1869"]
[Opening "Sicilian: closed"]
[ECO "B23"]
[Time "14:31:44"]
[TimeControl "2700+45"]

1. e4 c5 2. Nc3 e6 3. f4 a6 4. Nf3 Qc7 5. Be2 b5 6. O-O Bb7 7. d3 Nf6 8. Qe1 Be7
9. Bd2 d5 10. e5 Nfd7 11. d4 Nc6 12. Be3 cxd4 13. Nxd4 Nxd4 14. Bxd4 b4 15. Nd1
Qxc2 16. Kh1 O-O 17. Rf3 Qe4 18. Qf2 Qc2 19. Rh3 g6 20. Ne3 Qa4 21. f5 b3 22.
Qf4 Rfc8 23. Qh6 Nf8 24. f6 Bxf6 25. exf6 Qxd4 26. Qg7# {Black checkmated} 1-0

[Event "Team 45 45 League T48"]
[Site "Internet Chess Club"]
[Date "2011.03.11"]
[Round "5"]
[White "cacheboy"]
[Black "MusiqueWand"]
[Result "0-1"]
[WhiteElo "2295"]
[BlackElo "2385"]
[Opening "Scandinavian defense"]
[ECO "B01"]
[Time "16:00:07"]
[TimeControl "2700+45"]

1. e4 d5 2. exd5 Nf6 3. d4 Bg4 4. Bb5+ c6 5. dxc6 Nxc6 6. Ne2 Qd5 7. Bxc6+ Qxc6
8. O-O e6 9. Nbc3 Rd8 10. f3 Bf5 11. Be3 Bd6 12. Qd2 h5 13. Bf4 Bxf4 14. Qxf4 h4
15. Rf2 Qb6 16. Na4 Qb4 17. b3 Bxc2 18. Nc5 Nd5 19. Qg5 O-O 20. Qxh4 b6 21. Ne4
Rc8 22. Qg5 Bd3 23. Qd2 Qxd2 24. Nxd2 Rc2 25. Nc1 Nb4 26. a3 Rfc8 27. Nc4 Bxc4
28. axb4 Bb5 29. Na2 Kf8 30. h4 Ke7 31. g4 f5 32. g5 g6 33. Rh2 f4 34. Nc1
{White resigns} 0-1

[Event "Team 45 45 League T48"]
[Site "Internet Chess Club"]
[Date "2011.03.13"]
[Round "5"]
[White "Oblio"]
[Black "BadHabitMarco"]
[Result "1-0"]
[WhiteElo "2377"]
[BlackElo "2112"]
[Opening "Sicilian: Najdorf"]
[ECO "B90"]
[Time "17:01:09"]
[TimeControl "2700+45"]

1. e4 c5 2. Nf3 d6 3. d4 cxd4 4. Nxd4 Nf6 5. Nc3 a6 6. f3 e6 7. Be3 b5 8. Qd2
Nbd7 9. g4 Nb6 10. a4 Nc4 11. Bxc4 bxc4 12. a5 Bb7 13. Na4 Nd7 14. O-O-O Be7 15.
h4 Rc8 16. Qc3 O-O 17. g5 Re8 18. Rhg1 Bf8 19. h5 d5 20. exd5 exd5 21. Nf5 g6
22. Nh6+ Bxh6 23. gxh6 Qf6 24. Bd4 Qf4+ 25. Kb1 Qxh6 26. hxg6 fxg6 27. Qb4 Bc6
28. Qd6 Bxa4 29. Qxd5+ Kf8 30. Rh1 Qf4 31. Rxh7 {Black resigns} 1-0

[Event "Team 45 45 League T48"]
[Site "Internet Chess Club"]
[Date "2011.03.12"]
[Round "5"]
[White "egyptiantiger"]
[Black "BlazekaMatej"]
[Result "1/2-1/2"]
[WhiteElo "2036"]
[BlackElo "2106"]
[Opening "QGD Slav: 3.Nf3"]
[ECO "D11"]
[Time "10:17:20"]
[TimeControl "2700+45"]

1. d4 d5 2. c4 c6 3. Nf3 Nf6 4. g3 e6 5. Bg2 Nbd7 6. Qc2 Be7 7. O-O b6 8. b3 Bb7
9. Nbd2 O-O 10. Bb2 Rc8 11. e4 dxe4 12. Nxe4 Nxe4 13. Qxe4 Nf6 14. Qe2 Qc7 15.
Rad1 c5 16. dxc5 Bxc5 17. Ng5 Bxg2 18. Kxg2 Be7 19. Kg1 Rfd8 20. Qc2 h6 21. Bxf6
{Game drawn by mutual agreement} 1/2-1/2

[Event "Team 45 45 League T48"]
[Site "Internet Chess Club"]
[Date "2011.03.10"]
[Round "5"]
[White "BlackHorse"]
[Black "TerryMalloy"]
[Result "1/2-1/2"]
[WhiteElo "2042"]
[BlackElo "1842"]
[Opening "Four knights: Scotch, 4...exd4"]
[ECO "C47"]
[Time "17:19:42"]
[TimeControl "2700+45"]

1. e4 e5 2. Nf3 Nf6 3. Nc3 Nc6 4. d4 exd4 5. Nxd4 Bb4 6. Nxc6 bxc6 7. Bd3 O-O 8.
O-O d5 9. exd5 cxd5 10. Bg5 c6 11. Qf3 Be7 12. Rfe1 Re8 13. h3 h6 14. Bf4 Be6
15. Rad1 Bd6 16. Ne2 Bxf4 17. Nxf4 Qd6 18. Qg3 Rab8 19. b3 c5 20. Nh5 Qxg3 21.
Nxf6+ gxf6 22. fxg3 Rec8 23. g4 c4 24. Bf1 cxb3 25. cxb3 Rc2 26. Re2 Rbc8 27.
Rdd2 Rc1 28. Rf2 Kg7 29. Kh2 R8c3 30. Be2 a5 31. Bf3 Rc5 32. Kg3 Kg6 33. Kf4 a4
34. Bd1 axb3 35. Bxb3 Re1 36. Rd4 Ra5 37. Rfd2 Rf1+ 38. Kg3 Ra1 39. Rf2 Ra3 40.
Rdf4 Kg7 41. Rxf6 d4 42. R6f3 Bxb3 43. axb3 Ra7 44. Rd3 Rb1 45. Rf4 Rb7 46.
Rfxd4 R1xb3 47. Rf3 Rb2 48. Rd5 Re2 49. Rdf5 Rbe7 50. g5 hxg5 51. Rxg5+ Kh7 52.
h4 R2e3 53. Rf5 Rxf3+ 54. Kxf3 Kg6 55. g4 Re1 56. h5+ Kg7 57. Rd5 Rf1+ 58. Kg2
Rf4 59. Kg3 Rf1 60. Rd3 Rg1+ 61. Kf4 Rf1+ 62. Rf3 Rg1 63. g5 Rh1 64. Kg4 Rg1+
65. Kf5 f6 66. gxf6+ Kf7 67. Rf2 Rh1 68. Kg5 Rg1+ 69. Kh6 Rh1 70. Rf5 Rh2 71.
Kh7 Rh1 72. h6 Rh2 73. Rf1 Rh3 74. Rf2 Rh1 75. Rf3 Rh2 76. Ra3 Kxf6 77. Ra6+ Kf7
78. Ra4 Rf2 79. Ra7+ Kf8 80. Rg7 Rh2 81. Rg4 Kf7 82. Rf4+ Ke7 83. Rf1 Rh3 84.
Kg7 Rg3+ 85. Kh8 Rh3 86. h7 Rg3 87. Rf5 Rg1 88. Ra5 Kf7 89. Ra7+ Kf8 90. Ra8+
Kf7 91. Rg8 Ra1 92. Rg7+ Kf8 93. Rg3 Rf1 94. Rc3 {Game drawn by mutual
agreement} 1/2-1/2

[Event "Team 45 45 League T48"]
[Site "Internet Chess Club"]
[Date "2011.03.12"]
[Round "5"]
[White "easycure"]
[Black "vnchess"]
[Result "1-0"]
[WhiteElo "2279"]
[BlackElo "2174"]
[Opening "King's Indian: orthodox variation"]
[ECO "E94"]
[Time "22:13:13"]
[TimeControl "2700+45"]

1. d4 Nf6 2. c4 g6 3. Nc3 Bg7 4. e4 d6 5. Nf3 O-O 6. Be2 e5 7. O-O exd4 8. Nxd4
c6 9. f3 a5 10. Be3 Na6 11. Qd2 Re8 12. Rfd1 Qc7 13. Nb3 Re6 14. Bf4 Qb6+ 15.
Kh1 Bf8 16. Na4 Qb4 17. Qxb4 Nxb4 18. Nb6 Rb8 19. Nxa5 Nh5 20. Bd2 d5 21. a3 Nc2
22. Rac1 Nd4 23. cxd5 cxd5 24. Rxc8 Rxc8 25. Nxc8 Nxe2 26. exd5 Re8 27. Nb6 Nef4
28. Bxf4 Nxf4 29. g3 Nh3 30. Kg2 Ng5 31. Rd2 f5 32. d6 Bxd6 33. Rxd6 Re2+ 34.
Kf1 Rxb2 35. Nac4 Rxh2 36. Ne5 Ra2 37. Rd7 Rxa3 38. Nd5 Ra6 39. Rxb7 Rd6 40. Ne3
Rd2 41. Ke1 Rd4 42. Ke2 Ne6 43. Re7 Ng5 44. Nc2 Rd6 45. Ke3 Re6 46. Rxe6 Nxe6
47. Nd4 Nc5 48. Nd3 Nd7 49. Kf4 Kg7 50. Ne5 Nc5 51. Nc4 Kf6 52. Ke3 h5 53. Nc6
g5 54. f4 Ne6 55. Nd4 gxf4+ 56. gxf4 Nxf4 57. Kxf4 h4 58. Nf3 h3 59. Ne3 h2 60.
Nxh2 Ke6 61. Nf3 Kd6 62. Ng2 Kc5 63. Ke5 Kc4 64. Nf4 Kc3 65. Kd5 Kc2 66. Kc4 Kb2
67. Nd4 Ka3 68. Kb5 Kb2 69. Kb4 Ka2 70. Nd3 f4 71. Nf3 Kb1 72. Kb3 Ka1 73. Nd2
f3 74. Ne1 f2 75. Nc2# {Black checkmated} 1-0

[Event "Team 45 45 League T48"]
[Site "Internet Chess Club"]
[Date "2011.03.12"]
[Round "5"]
[White "eurander"]
[Black "technika"]
[Result "0-1"]
[WhiteElo "2136"]
[BlackElo "2137"]
[Opening "Sicilian: Alapin's variation (2.c3)"]
[ECO "B22"]
[Time "15:54:33"]
[TimeControl "2700+45"]

1. e4 c5 2. c3 g6 3. d4 cxd4 4. cxd4 d5 5. exd5 Nf6 6. Qa4+ Nbd7 7. Nc3 Bg7 8.
d6 exd6 9. Bd3 Qe7+ 10. Nge2 O-O 11. O-O Nb6 12. Qa3 Be6 13. Bf4 Rfd8 14. Rfe1
Nfd5 15. Nxd5 Nxd5 16. Bg3 Qd7 17. Rac1 a6 18. Bc4 b5 19. Bb3 Bh6 20. Rc2 a5 21.
Bxd5 Bxd5 22. Nc1 b4 23. Qd3 Rac8 24. Nb3 a4 25. Nd2 Rxc2 26. Qxc2 Rc8 27. Qd3
Bxa2 28. Ne4 Bg7 29. Nxd6 Rc6 30. Qb5 Rxd6 31. Qb8+ Bf8 32. Re8 Qxe8 33. Qxe8
Re6 {White resigns} 0-1

[Event "Team 45 45 League T48"]
[Site "Internet Chess Club"]
[Date "2011.03.11"]
[Round "5"]
[White "SlimeDog2"]
[Black "jorobo"]
[Result "1/2-1/2"]
[WhiteElo "2056"]
[BlackElo "1986"]
[Opening "QGD: Tarrasch, Prague variation, Normal position"]
[ECO "D02"]
[Time "23:45:41"]
[TimeControl "2700+45"]

1. d4 d5 2. Nf3 e6 3. c4 c5 4. cxd5 exd5 5. g3 Nc6 6. Bg2 Nf6 7. O-O Be7 8. Nc3
O-O 9. dxc5 Bxc5 10. Bg5 d4 11. Bxf6 Qxf6 12. Ne4 Qe7 13. Nxc5 Qxc5 14. Rc1 Qb6
15. Qd2 Bg4 16. h3 Bh5 17. Rfd1 Rad8 18. Qg5 Bg6 19. Rd2 Rfe8 20. Qc5 Qxc5 21.
Rxc5 Be4 22. Ne1 Bxg2 23. Kxg2 f6 24. Nc2 Re7 25. b4 Red7 26. b5 Na5 27. Nb4 Kf7
28. Kf3 Rd6 29. Rc7+ R8d7 30. Rxd7+ Rxd7 31. Ke4 Nc4 32. Rxd4 f5+ 33. Kd3 Nb2+
34. Kc3 Na4+ 35. Kd3 Nb2+ 36. Kc3 Na4+ 37. Kd3 Nb2+ 38. Kc3 Na4+ {Game drawn by
repetition} 1/2-1/2

[Event "Team 45 45 League T48"]
[Site "Internet Chess Club"]
[Date "2011.03.13"]
[Round "5"]
[White "ElCreyente"]
[Black "onslaught"]
[Result "0-1"]
[WhiteElo "2206"]
[BlackElo "2227"]
[Opening "French: Steinitz variation"]
[ECO "C11"]
[Time "16:00:10"]
[TimeControl "2700+45"]

1. e4 e6 2. d4 d5 3. Nc3 Nf6 4. e5 Nfd7 5. Nce2 c5 6. f4 Qa5+ 7. c3 b5 8. Nf3 b4
9. Bd2 Nc6 10. cxb4 Nxb4 11. Nc1 Qb6 12. Qa4 cxd4 13. Bb5 Rb8 14. Bxb4 Qxb5 15.
Qxb5 Bxb4+ 16. Qxb4 Rxb4 17. Nd3 Rb6 18. Kd2 Ba6 19. Rac1 Ke7 20. b3 Bxd3 21.
Kxd3 Ra6 22. a4 f6 23. Rc7 Rb8 24. Nxd4 fxe5 25. fxe5 Kd8 26. Rhc1 Nxe5+ 27. Ke3
Nc4+ 28. bxc4 Kxc7 29. cxd5+ Kd6 30. dxe6 Rxa4 31. Rc6+ Kd5 32. Rc7 Rxd4 33.
Rd7+ Ke5 34. Rxd4 Rb3+ {White resigns} 0-1

[Event "Team 45 45 League T48"]
[Site "Internet Chess Club"]
[Date "2011.03.12"]
[Round "5"]
[White "ThuG"]
[Black "PHILOCHESS"]
[Result "0-1"]
[WhiteElo "2167"]
[BlackElo "2097"]
[Opening "Caro-Kann: advance variation"]
[ECO "B12"]
[Time "08:05:19"]
[TimeControl "2700+45"]

1. e4 c6 2. d4 d5 3. e5 Qb6 4. Nc3 Na6 5. f4 Bf5 6. a3 O-O-O 7. g4 Bd7 8. h3 h5
9. Bg2 f6 10. b4 Nh6 11. Bf3 g6 12. Nge2 Bg7 13. gxh5 gxh5 14. Bxh5 Nf5 15. Bg4
fxe5 16. fxe5 Rdf8 17. Qd3 Nh4 18. Qg3 Bxg4 19. Qxg4+ Nf5 20. Rf1 Rh4 21. Qg6
Nxd4 22. Qxg7 Nxc2+ 23. Kd2 Rxf1 24. Kxc2 Rf2 25. Qg8+ Kc7 26. Qg3 Rc4 27. e6+
Kc8 28. Kd3 Rxb4 29. Be3 Nc5+ 30. Bxc5 Qa6+ 31. Ke3 Rxe2+ 32. Nxe2 Rb3+ 33. Kf2
Rxg3 34. Nxg3 Qd3 35. Rc1 b6 36. Be3 Kb7 37. h4 Qxa3 38. h5 Qb2+ 39. Kf3 d4 40.
Bf4 Qb3+ 41. Kf2 Qxe6 42. h6 Qf6 43. Nh5 Qh4+ 44. Kg2 Qxh5 45. Rh1 Qg4+ 46. Bg3
d3 47. h7 Qe2+ 48. Kh3 Qe4 49. h8=Q Qxh1+ 50. Bh2 d2 51. Qb8+ Ka6 52. Qc8+ Ka5
53. Qf5+ c5 {White resigns} 0-1

[Event "Team 45 45 League T48"]
[Site "Internet Chess Club"]
[Date "2011.03.13"]
[Round "5"]
[White "MikeA"]
[Black "DreadHead"]
[Result "1/2-1/2"]
[WhiteElo "2193"]
[BlackElo "2215"]
[Opening "Pirc: classical system, 5.Be2"]
[ECO "B06"]
[Time "09:00:38"]
[TimeControl "2700+45"]

1. e4 g6 2. d4 Bg7 3. Nf3 d6 4. Nc3 Nf6 5. Be2 O-O 6. O-O Bg4 7. Be3 Nc6 8. Qd2
e5 9. d5 Ne7 10. h3 Bd7 11. Rfd1 Ne8 12. Bh6 f5 13. Bxg7 Kxg7 14. Bd3 fxe4 15.
Bxe4 Nf6 16. Re1 Nxe4 17. Rxe4 c6 18. Rh4 Nf5 19. Rb4 b5 20. Ne4 c5 21. Rb3 a5
22. a3 Qe7 23. Re1 Rae8 24. Rd3 Nd4 25. Nxd4 exd4 26. c3 Bf5 27. f3 dxc3 28.
Qxc3+ Qe5 29. Qxa5 Qxb2 30. Qc7+ Kh6 31. Rde3 Bxe4 32. Rxe4 Rxe4 33. Rxe4 Qf6
34. Re7 Rh8 35. Rd7 Qd4+ 36. Kh2 Qe5+ 37. Kg1 Qd4+ {Game drawn by mutual
agreement} 1/2-1/2

[Event "Team 45 45 League T48"]
[Site "Internet Chess Club"]
[Date "2011.03.12"]
[Round "5"]
[White "DARKwizard1"]
[Black "xakelari"]
[Result "1-0"]
[WhiteElo "1984"]
[BlackElo "2066"]
[Opening "Scotch: Schmidt variation"]
[ECO "C45"]
[Time "10:00:55"]
[TimeControl "2700+45"]

1. e4 e5 2. Nf3 Nc6 3. d4 exd4 4. Nxd4 Nf6 5. Nxc6 bxc6 6. Bd3 d5 7. e5 Ng4 8.
O-O Bc5 9. Bf4 g5 10. Bg3 h5 11. b4 Bxb4 12. h3 h4 13. Be2 hxg3 14. Bxg4 Bc5 15.
Nd2 Bxf2+ 16. Kh1 Bxg4 17. Qxg4 Qc8 18. Qxc8+ Rxc8 19. c4 g4 20. Rad1 Ke7 21.
Nb3 gxh3 22. cxd5 hxg2+ 23. Kxg2 Rh2+ 24. Kf3 cxd5 25. Nc1 Rg8 26. Ne2 Ke6 27.
Nf4+ Kxe5 28. Rxd5+ Kf6 29. Nh5+ Ke7 30. Rfd1 Rxh5 31. Rxh5 c5 32. Rhd5 Bd4 33.
Re1+ Kf6 34. Kg2 Bf2 35. Re4 Rc8 36. Rd7 c4 37. Ree7 Rc6 38. Rxf7+ Ke5 39. Rfe7+
Re6 40. Rg7 Kf4 41. Rc7 Re4 42. Rc6 Ke3 43. Rxa7 Kd2 44. Rac7 Kc3 45. a4 Kb4 46.
Rb7+ Ka5 47. Rc8 Ka6 48. Rb1 c3 49. a5 Re7 50. Rxc3 Be1 51. Rc6+ Kxa5 52. Rc8
Bf2 53. Rc2 Re4 54. Rb8 Ra4 55. Ra8+ Kb4 56. Rb8+ Ka5 57. Rc1 Ka6 58. Ra8+ Ba7
59. Rb1 Ra3 60. Rb2 Ra4 61. Kxg3 Ra5 62. Kf3 Ra1 63. Ke4 Re1+ 64. Kd3 Rd1+ 65.
Kc2 Ra1 66. Rb4 Ra2+ 67. Kb1 Ra3 68. Kc2 Ra1 69. Kc3 Ra3+ 70. Kb2 Ra5 71. Rbb8
Rh5 72. Rb3 Ra5 73. Rb4 Rh5 74. Ra4+ Kb6 75. R8xa7 {Black resigns} 1-0

[Event "Team 45 45 League T48"]
[Site "Internet Chess Club"]
[Date "2011.03.15"]
[Round "5"]
[White "Uwak"]
[Black "sibirica"]
[Result "1-0"]
[WhiteElo "2408"]
[BlackElo "2321"]
[Opening "Sicilian: Hungarian variation"]
[ECO "B27"]
[Time "11:02:45"]
[TimeControl "2700+45"]

1. e4 c5 2. Nf3 g6 3. c3 Bg7 4. d4 cxd4 5. cxd4 d5 6. e5 Bg4 7. Bb5+ Nc6 8.
Bxc6+ bxc6 9. Nbd2 Nh6 10. h3 Bxf3 11. Nxf3 O-O 12. O-O Qb6 13. b3 c5 14. Be3
cxd4 15. Nxd4 Qa6 16. Qd2 Nf5 17. Nxf5 gxf5 18. Qxd5 Rfd8 19. Qc5 e6 20. Bf4 Rd5
21. Qe3 Qb5 22. Rad1 Rad8 23. Rxd5 Qxd5 24. Bg5 Ra8 25. Bf6 Kh8 26. Bxg7+ Kxg7
27. Qg5+ Kh8 28. Qf6+ Kg8 29. Rc1 Qd8 30. Rc3 Qxf6 31. exf6 Rd8 32. Rc7 Ra8 33.
b4 a6 34. g4 fxg4 35. hxg4 h6 36. a3 Kh7 37. Rxf7+ Kg6 38. Rc7 Kxf6 39. Rc5 Rg8
40. f3 Rd8 41. Kf2 Rd6 42. Ke3 Rb6 43. Rh5 Kg6 44. Kd4 Rd6+ 45. Kc5 Rd3 46. a4
Rxf3 47. b5 axb5 48. axb5 Rc3+ 49. Kd6 Rb3 50. Kxe6 Rb4 51. Kd6 Rxg4 52. Rc5 Rb4
53. Kc7 h5 54. b6 h4 55. b7 {Black resigns} 1-0

[Event "Team 45 45 League T48"]
[Site "Internet Chess Club"]
[Date "2011.03.12"]
[Round "5"]
[White "screamingeagle"]
[Black "Fulvio"]
[Result "0-1"]
[WhiteElo "2014"]
[BlackElo "2051"]
[Opening "KGA: Kieseritsky, long whip (Stockwhip, classical) defense"]
[ECO "C39"]
[Time "10:06:19"]
[TimeControl "2700+45"]

1. e4 e5 2. f4 exf4 3. Nf3 g5 4. h4 g4 5. Ne5 h5 6. Bc4 Nh6 7. d4 d6 8. Nd3 f3
9. gxf3 Nc6 10. Be3 Bg7 11. Nf4 Ng8 12. Nc3 Nf6 13. Qe2 gxf3 14. Qxf3 Bg4 15.
Qf2 Qd7 16. Nfd5 Nxd5 17. exd5 Na5 18. Bb5 c6 19. dxc6 bxc6 20. Bd3 O-O-O 21.
Kd2 d5 22. Ba6+ Kb8 23. Bf4+ Ka8 24. Na4 Bf8 25. c3 Nc4+ 26. Bxc4 dxc4 27. b4
Bxb4 28. Be5 f6 29. Bxf6 Rhf8 30. cxb4 Qe6 31. Raf1 Rd6 32. Nc5 Qxf6 33. Qxf6
Rfxf6 34. Rxf6 Rxf6 35. Re1 Kb8 36. Re8+ Kc7 37. Re7+ Kd6 38. Rxa7 Kd5 39. Ra8
Rf2+ 40. Kc3 Rf3+ 41. Kc2 Bf5+ 42. Kd2 c3+ 43. Ke2 c2 44. Kd2 Rf2+ {White
resigns} 0-1

[Event "Team 45 45 League T48"]
[Site "Internet Chess Club"]
[Date "2011.03.13"]
[Round "5"]
[White "Constrictor"]
[Black "toukon"]
[Result "0-1"]
[WhiteElo "1624"]
[BlackElo "1705"]
[Opening "Réti: Nimzovich-Larsen attack"]
[ECO "A06"]
[Time "15:03:48"]
[TimeControl "2700+45"]

1. Nf3 d5 2. b3 Nf6 3. e3 Bg4 4. Bb2 e6 5. h3 Bh5 6. d3 Bb4+ 7. c3 Be7 8. g4 Bg6
9. Ne5 c5 10. Bg2 Nc6 11. Nxg6 hxg6 12. Qe2 Qc7 13. Nd2 a6 14. d4 cxd4 15. cxd4
Nb4 16. O-O O-O 17. a3 Nc6 18. Rfc1 Qd6 19. b4 Rfc8 20. Nb3 Bd8 21. Nc5 Rab8 22.
Rc2 Bc7 23. Rac1 Qh2+ 24. Kf1 Ne7 25. f4 Bd6 26. Kf2 Bxc5 27. bxc5 Ne4+ 28. Ke1
Qg1+ 29. Qf1 Qxe3+ 30. Re2 Qg3+ 31. Kd1 Qd3+ 32. Ke1 Ng3 33. Bf3 Nxf1 {White
resigns} 0-1

[Event "Team 45 45 League T48"]
[Site "Internet Chess Club"]
[Date "2011.03.12"]
[Round "5"]
[White "ElMarginal"]
[Black "philosopherking"]
[Result "1-0"]
[WhiteElo "1494"]
[BlackElo "1471"]
[Opening "French defense"]
[ECO "C00"]
[Time "18:00:24"]
[TimeControl "2700+45"]

1. e4 e6 2. Nf3 d5 3. exd5 exd5 4. d4 c5 5. Bb5+ Nc6 6. O-O Be6 7. Re1 a6 8.
Bxc6+ bxc6 9. Ne5 Qb6 10. c3 Nf6 11. Qa4 Rc8 12. Nd2 Qb5 13. Qxb5 axb5 14. Nb3
cxd4 15. Nxd4 Bc5 16. Nexc6 Ne4 17. Be3 O-O 18. Ne5 Bxd4 19. Bxd4 f6 20. Nd3
Rfe8 21. f3 Nd6 22. Nf4 Bf7 23. Rxe8+ Rxe8 24. Kf2 Nc4 25. b3 Nd6 26. a4 Ra8 27.
a5 Ra6 28. b4 Nf5 29. Bb6 g5 30. Ne2 h5 31. Nd4 Nd6 32. Re1 Nc4 33. Bc5 {Black
resigns} 1-0

[Event "Team 45 45 League T48"]
[Site "Internet Chess Club"]
[Date "2011.03.15"]
[Round "5"]
[White "BenjaminSisko"]
[Black "BaumDeezy"]
[Result "1/2-1/2"]
[WhiteElo "1448"]
[BlackElo "1493"]
[Opening "Caro-Kann: classical variation"]
[ECO "B18"]
[Time "20:04:31"]
[TimeControl "2700+45"]

1. e4 c6 2. d4 d5 3. Nc3 dxe4 4. Nxe4 Bf5 5. Ng3 Bg6 6. Nf3 Nd7 7. Bd3 Ngf6 8.
O-O e6 9. Nh4 Bxd3 10. Qxd3 Qc7 11. c4 O-O-O 12. Nf3 Bd6 13. Ne4 Nxe4 14. Qxe4
Nf6 15. Qh4 h6 16. Be3 g5 17. Qh3 g4 18. Qh4 gxf3 19. Qxf6 Bxh2+ 20. Kh1 fxg2+
21. Kxg2 Rdg8+ 22. Kh1 Rh7 23. Qh4 Bd6 24. Rg1 Rg6 25. Rxg6 fxg6 26. Qf6 Qf7 27.
Qxf7 Rxf7 28. Kg2 g5 29. Rh1 Rh7 30. Rh5 Kd7 31. Kh3 Be7 32. Kg4 Kd6 33. f4 gxf4
34. Bxf4+ Kd7 35. Rxh6 Rg7+ 36. Kh3 Bd6 37. Rh4 Bxf4 38. Rxf4 Kd6 39. Rg4 Rxg4
40. Kxg4 e5 41. dxe5+ Kxe5 42. Kf3 Kd4 43. b3 Kd3 44. Kf2 c5 45. Kf3 a6 46. Kf2
b5 47. cxb5 axb5 48. Ke1 b4 49. Kd1 Kc3 50. Kc1 Kd3 51. Kb2 Kd4 52. a4 bxa3+ 53.
Kxa3 Kc3 54. Ka2 Kb4 55. Kb2 Kb5 56. Kc3 Kc6 57. Kc4 Kb6 58. b4 cxb4 59. Kxb4
{Game drawn because neither player has mating material} 1/2-1/2

[Event "Team 45 45 League T48"]
[Site "Internet Chess Club"]
[Date "2011.03.12"]
[Round "5"]
[White "Xanther"]
[Black "FractalDante"]
[Result "1-0"]
[WhiteElo "1461"]
[BlackElo "1473"]
[Opening "Sicilian: Alapin's variation (2.c3)"]
[ECO "B22"]
[Time "14:00:29"]
[TimeControl "2700+45"]

1. e4 c5 2. c3 d5 3. exd5 Qxd5 4. d4 Nf6 5. Nf3 Bg4 6. Be2 e6 7. Be3 cxd4 8.
cxd4 Bb4+ 9. Nc3 Qd6 10. O-O a6 11. Qa4+ Nc6 12. Rfd1 O-O 13. h3 b5 14. Qb3 Bh5
15. Rac1 Rac8 16. a3 Ba5 17. d5 exd5 18. Nxd5 Bxf3 19. Bxf3 Qe6 20. Nxf6+ Qxf6
21. Bxc6 Rxc6 22. Rxc6 Qxc6 23. Rc1 Qd7 24. Rd1 Qc6 25. Rc1 Qd7 26. Qc2 b4 27.
Bc5 Rc8 28. Qe4 bxa3 29. bxa3 f6 30. Qc4+ Kh8 31. Qxa6 Bd8 32. Qe2 Kg8 33. Rd1
Qf7 34. Qg4 Ra8 35. Qd7 Ba5 36. Qxf7+ Kxf7 37. Rd7+ Kg8 38. Ra7 Rxa7 39. Bxa7
Kf7 40. Kf1 Ke6 41. Bc5 Kd5 42. Bf8 g5 43. Ke2 Kc4 44. Kf3 Kd5 45. Kg4 Ke6 46.
f4 gxf4 47. Kxf4 Kf7 48. Bb4 Bc7+ 49. Kf5 Be5 50. a4 Ke8 51. a5 Kd7 52. g4 Bd4
53. h4 Kc6 54. Be7 h5 55. gxh5 Bc3 56. h6 {Black resigns} 1-0

[Event "Team 45 45 League T48"]
[Site "Internet Chess Club"]
[Date "2011.03.11"]
[Round "5"]
[White "AstroChessPilot"]
[Black "Timotheous"]
[Result "1-0"]
[WhiteElo "1590"]
[BlackElo "1632"]
[Opening "Sicilian: Nimzovich-Rossolimo attack (with ...g6, without ...d6)"]
[ECO "B31"]
[Time "08:00:22"]
[TimeControl "2700+45"]

1. e4 c5 2. Nf3 Nc6 3. Bb5 g6 4. Bxc6 dxc6 5. d3 Bg7 6. h3 Nf6 7. Nc3 O-O 8. Be3
b6 9. Qd2 Re8 10. O-O-O Nd7 11. g4 Ne5 12. Nxe5 Bxe5 13. f4 Bd4 14. f5 e6 15.
Bg5 f6 16. Bh6 Be5 17. fxg6 hxg6 18. g5 f5 19. h4 Qc7 20. Kb1 Qh7 21. h5 Kf7 22.
hxg6+ Qxg6 23. Ne2 Rd8 24. Nf4 Bxf4 25. Qxf4 Re8 26. Qc7+ Re7 27. Qxc6 Bb7 28.
Qd6 Bc8 29. Rdf1 Bd7 30. a3 Rg8 31. exf5 exf5 32. Qxg6+ Kxg6 33. Re1 Rge8 34.
Rxe7 Rxe7 35. Kc1 f4 36. Rh2 f3 37. Rf2 Bg4 38. Kd2 Kf5 39. c3 Re6 40. b4 Bh5
41. bxc5 bxc5 42. d4 cxd4 43. cxd4 Kg4 44. Rh2 Kg3 45. Rxh5 f2 46. Rh1 Kg2 47.
Rc1 f1=Q 48. Rxf1 Kxf1 49. Kd3 Kf2 50. Kc4 Kf3 51. d5 Ra6 52. Bf8 Rg6 53. Be7
Rg7 54. d6 {Black resigns} 1-0